Cogmind - Beta 12 @@@ ROGUE MODE // 2024.02.16 @ 15:43:19 Player: Utheran Result: Self-destructed Performance ------------- Evolutions (3) 1500 Regions Visited (5) 1000 Robots Destroyed (35) 175 Value Destroyed (870) 870 Prototype IDs (11) 220 Alien Tech Used (0) 0 Bonus (-57) -57 TOTAL SCORE: 3708 Bonus ------- High Alert Combat Kills 2 Follower Combat Kills 72 Friendly Fire -131 Cogmind --------- Core Integrity 630/700 Matter 300/300 Energy 0/100 System Corruption 0% Temperature Hot (211) Movement Hovering (56) Location -7/Factory Parts ------- > --- POWER (2) -------- (None) > --- PROPULSION (3) --- Improved Hover Unit Improved Hover Unit > --- UTILITY (6) ------ Small Storage Unit Weight Redist. System Improved Signal Interpreter Improved Shield Generator > --- WEAPON (2) ------- Lightning Gun Enhanced Autogun > --- INVENTORY (8) ---- Improved Hover Unit Heavy Assault Rifle Shotgun Grenade Launcher Katana Peak State ------------ > --- POWER ------------ Light Nuclear Core Light Nuclear Core > --- PROPULSION ------- Improved Hover Unit Improved Hover Unit Improved Hover Unit > --- UTILITY ---------- Small Storage Unit Weight Redist. System Improved Sensor Array Improved Signal Interpreter Hardened Medium Armor Plating Improved Shield Generator > --- WEAPON ----------- Katana > --- INVENTORY -------- Improved Hover Unit Improved Hover Unit Heavy Assault Rifle Shotgun Enhanced Autogun Grenade Launcher [Rating: 32] Favorites ----------- Power Ion Engine Engine Ion Engine Power Core Light Nuclear Core Propulsion Aluminum Leg Leg Aluminum Leg Hover Unit Improved Hover Unit Utility Small Storage Unit Device Structural Scanner Storage Small Storage Unit Processor Signal Interpreter Protection Hardened Medium Armor Plating Weapon Assault Rifle Energy Gun Lightning Gun Ballistic Gun Assault Rifle Launcher Grenade Launcher Special Weapon Mining Laser Slashing Weapon Katana Build | -11 -10 -10 -9 -8 -7 ------- Run | Jun Mat Min Mat Mat Fac Slots Evolved 6 | . . . 2 2 2 Power 1 | . . . . . 1 Propulsion 1 | . . . . 1 . Utility 4 | . . . 2 1 1 Weapon . | . . . . . . Parts Attached 43 | 6 1 . 12 17 7 Power 6 | 1 . . 3 1 1 Engine 4 | 1 . . 3 . . Core 2 | . . . . 1 1 Reactor . | . . . . . . Propulsion 9 | 2 . . . 6 1 Treads . | . . . . . . Leg 5 | 2 . . . 3 . Wheel . | . . . . . . Hover 4 | . . . . 3 1 Flight . | . . . . . . Utility 9 | 1 1 . 2 4 1 Device 5 | . 1 . 1 2 1 Storage 1 | 1 . . . . . Processor 2 | . . . 1 1 . Hackware . | . . . . . . Protection 1 | . . . . 1 . Artifact . | . . . . . . Weapon 19 | 2 . . 7 6 4 Energy Gun 1 | . . . . . 1 Energy Cannon . | . . . . . . Ballistic Gun 11 | 2 . . 3 4 2 Ballistic Cannon . | . . . . . . Launcher 1 | . . . 1 . . Special Weapon 4 | . . . 3 1 . Impact Weapon . | . . . . . . Slashing Weapon 2 | . . . . 1 1 Piercing Weapon . | . . . . . . Special Melee Weapon . | . . . . . . Unidentified Prototypes . | . . . . . . Parts Lost 14 | . . . 5 3 6 Power 5 | . . . 2 1 2 Propulsion 4 | . . . 1 1 2 Utility 3 | . . . 1 . 2 Weapon 2 | . . . 1 1 . Highest Loss Streak 3 | . . . 2 2 3 To Critical Strikes . | . . . . . . Average Slot Usage (%) 90 | . 98 100 96 83 79 Engine 7 | . 14 14 9 4 . Core 3 | . . . . 4 15 Leg 17 | . 28 28 21 14 . Hover 5 | . . . . 7 19 Device 14 | . 12 14 21 10 17 Storage 10 | . 14 14 11 9 7 Processor 7 | . . . 10 9 7 Protection 3 | . . . . 8 2 Ballistic Gun 12 | . 28 28 20 3 . Special Weapon 2 | . . . 1 5 . Slashing Weapon 3 | . . . . 7 6 Naked Turns . | . . . . . . Heaviest Build 30 | 13 14 14 17 25 30 Greatest Support 30 | 20 20 20 20 30 27 Greatest Overweight (x) 2 | 1 . . 1 2 1 Average Overweight (x) . | . . . . . . Largest Inventory Capacity 8 | 8 8 8 8 8 8 Average Capacity 7 | 7 8 8 8 8 8 Most Carried 8 | 7 8 8 8 8 7 Average Carried 6 | 3 5 7 7 6 6 Final Capacity 8 | 8 8 8 8 8 8 Final Carried 8 | 2 8 8 6 6 5 Class Distribution -------------------- 77% | Mutant 22% | Skirmisher Dominant Class ---------------- Mutant | -10/Materials Mutant | -10/Mines Skirmisher | -9/Materials Mutant | -8/Materials Mutant | -7/Factory Resources | -11 -10 -10 -9 -8 -7 ----------- Run | Jun Mat Min Mat Mat Fac Matter Collected 784 | 213 76 9 241 177 68 Remotely . | . . . . . . Salvage Created 1351 | . 76 . 390 757 128 Parts 80 | . 7 . 27 39 7 Haulers Intercepted 7 | . . . 2 5 . Recyclers Shooed . | . . . . . . Parts Field Recycled . | . . . . . . Retrieved Matter . | . . . . . . Parts Self-Destructed . | . . . . . . Prevented . | . . . . . . Kills | -11 -10 -10 -9 -8 -7 ------- Run | Jun Mat Min Mat Mat Fac Combat Hostiles Destroyed 24 | . 3 . 10 9 2 Melee 10 | . . . . 9 1 Guns 10 | . 3 . 6 . 1 AOE 4 | . . . 4 . . Classes Destroyed 6 | . 3 . 3 . . Hauler 7 | . . . 2 5 . Operator 1 | . . . 1 . . Watcher 2 | . 1 . . 1 . Swarmer 8 | . 2 . 6 . . Grunt 9 | . 1 . 3 4 1 Sentry 8 | . . . 2 5 1 Best Kill Streak 6 | . 2 . 6 3 1 Combat Bots Only 6 | . 2 . 6 3 1 Max Kills in Single Turn 5 | . 1 . 5 1 1 Gunslinging . | . . . . . . Exploded 4 | . . . 4 . . Melee 1 | . . . . 1 1 Uniques/NPCs Destroyed . | . . . . . . Combat | -11 -10 -10 -9 -8 -7 -------- Run | Jun Mat Min Mat Mat Fac Damage Taken 1654 | . 84 . 610 591 369 Core 260 | . . . 117 73 70 Absorbed by Shields 171 | . . . . . 171 Core Remaining (%) 89 | 100 . 100 70 86 . Volleys Fired 62 | . 7 . 32 16 7 Largest 2 | . 2 . 2 1 2 Hottest 100 | . 40 . 100 100 80 Shots Fired 101 | . 14 . 57 16 14 Gun 77 | . 14 . 49 . 14 Cannon . | . . . . . . Launcher 1 | . . . 1 . . Special 23 | . . . 7 16 . Kinetic 70 | . 14 . 49 . 7 Thermal 23 | . . . 7 16 . Explosive 1 | . . . 1 . . Electromagnetic 7 | . . . . . 7 Robot Hit Streak 6 | . 4 . 4 . 6 Robot Miss Streak 6 | . 1 . 6 . 1 Penetration Max . | . . . . . . Secondary Targets 2 | . . . 2 . . Max Gunslinging Chain 1 | . . . 1 . . Shots Hit Robots 73 | . 8 . 23 26 16 Core Hits 49 | . 6 . 21 17 5 Critical Kills 1 | . . . 1 . . Critical Parts Destroyed 1 | . . . 1 . . Critical Strikes 4 | . . . 2 1 1 Destroy 2 | . . . 2 . . Corrupt 1 | . . . . . 1 Sever 1 | . . . . 1 . Melee Attacks 52 | . . . . 42 10 Impact . | . . . . . . Slashing 52 | . . . . 42 10 Piercing . | . . . . . . Sneak Attacks 4 | . . . . 4 . Combat Hostiles . | . . . . . . Follow-up Attacks . | . . . . . . Damage Inflicted 2008 | . 83 . 507 1062 356 Guns 593 | . 83 . 310 . 200 Cannons . | . . . . . . Explosions 197 | . . . 197 . . Melee 1130 | . . . . 974 156 Ramming 88 | . . . . 88 . Kinetic 499 | . 83 . 310 . 106 Thermal . | . . . . . . Explosive 197 | . . . 197 . . Electromagnetic 94 | . . . . . 94 Impact . | . . . . . . Slashing 1130 | . . . . 974 156 Piercing . | . . . . . . Highest Corruption 2 | . . . 2 2 . Average Corruption 1 | . . . 1 1 . Corruption Purged . | . . . . . . Corruption Blocked . | . . . . . . Effects 1 | . . . 1 . . Data Loss (minor) 1 | . . . 1 . . Overload Shots . | . . . . . . Overflow Damage 11 | . . . . 11 . Projectiles . | . . . . . . Explosions . | . . . . . . Melee 11 | . . . . 11 . Knockbacks . | . . . . . . Impact . | . . . . . . Kinetic . | . . . . . . Secondary . | . . . . . . Self-Inflicted Damage 42 | . . . . 42 . Shots . | . . . . . . Rammed 7 | . . . . 7 . Targets Rammed 7 | . . . . 7 . Kicked . | . . . . . . Crushed . | . . . . . . Highest Temperature 267 | . 12 . 24 48 267 Average Temperature 36 | . 9 . 6 13 162 Received Heat Transfer 645 | . 18 . 240 279 108 Siege Activations . | . . . . . . Robots Corrupted . | . . . . . . Combat Hostiles . | . . . . . . Parts Fried . | . . . . . . Impact Corruptions . | . . . . . . Robots Melted . | . . . . . . Combat Hostiles . | . . . . . . Parts Melted . | . . . . . . Heat Transferred . | . . . . . . Parts Sabotaged . | . . . . . . Parts Stolen . | . . . . . . Parts Stripped . | . . . . . . Power Chain Reactions . | . . . . . . Missiles Intercepted . | . . . . . . Alert | -11 -10 -10 -9 -8 -7 ------- Run | Jun Mat Min Mat Mat Fac Peak Influence 416 | . 162 68 416 298 102 Initial 147 | . . 63 26 147 87 Average 170 | . 112 66 239 196 76 Maximum Alert Level 2 | . . . 2 1 . Low Security (%) 59 | 100 100 100 24 50 100 Level 1 40 | . . . 75 49 . Level 2 . | . . . . . . Level 3 . | . . . . . . Level 4 . | . . . . . . Level 5 . | . . . . . . High Security . | . . . . . . Max Security . | . . . . . . Squads Dispatched 7 | . 1 . 3 2 1 Investigation 1 | . . . . . 1 Extermination . | . . . . . . Reinforcement 6 | . 1 . 3 2 . Assault . | . . . . . . Garrison . | . . . . . . Intercept . | . . . . . . Searches Triggered . | . . . . . . Construction Impeded . | . . . . . . Haulers Reinforced . | . . . . . . Active Scanning Responses . | . . . . . . Cargo Convoy Interrupts . | . . . . . . Stealth | -11 -10 -10 -9 -8 -7 --------- Run | Jun Mat Min Mat Mat Fac Distress Signals 4 | . . . 1 1 2 Communications Jammed . | . . . . . . Distress Signals . | . . . . . . Times Spotted 68 | . 7 . 26 27 8 Peak Tracking Total 6 | . 3 . 6 4 5 Tactical Retreats 3 | . 1 . 1 . 1 Traps | -11 -10 -10 -9 -8 -7 ------- Run | Jun Mat Min Mat Mat Fac Traps Triggered 2 | . . . 2 . . Indirectly . | . . . . . . Trap Hack Attempts . | . . . . . . Triggered . | . . . . . . Disarmed . | . . . . . . Reprogrammed . | . . . . . . Reused . | . . . . . . Traps Extracted . | . . . . . . Installed . | . . . . . . Triggered . | . . . . . . Machines | -11 -10 -10 -9 -8 -7 ---------- Run | Jun Mat Min Mat Mat Fac Machines Disabled 1 | . . . 1 . . Max in Single Turn . | . . . . . . Garrison Access 1 | . . . . . 1 Machines Repaired . | . . . . . . Machines Sabotaged . | . . . . . . Overloaded Fab Kills . | . . . . . . Hacking | -11 -10 -10 -9 -8 -7 --------- Run | Jun Mat Min Mat Mat Fac Machines Accessed 21 | . 3 . 8 8 2 Terminals 18 | . 3 . 7 7 1 Fabricators . | . . . . . . Repair Stations 1 | . . . 1 . . Recycling Units 1 | . . . . 1 . Scanalyzers . | . . . . . . Garrison Access 1 | . . . . . 1 Total Hacks 59 | . 11 . 20 23 5 Successful 36 | . 6 . 15 12 3 Failed 23 | . 5 . 5 11 2 Catastrophic 1 | . . . . . 1 Database Lockouts . | . . . . . . Manual . | . . . . . . Terminals 55 | . 11 . 19 22 3 Fabricators . | . . . . . . Repair Stations 1 | . . . 1 . . Recycling Units 1 | . . . . 1 . Scanalyzers . | . . . . . . Garrison Access 2 | . . . . . 2 Terminal Hacks 33 | . 6 . 14 11 2 Record 4 | . . . . 4 . Prototype ID Bank 8 | . 1 . 4 3 . Branch Access Points 1 | . 1 . . . . Emergency Access Points 3 | . 2 . . . 1 Alert Level 1 | . . . . 1 . Unreport Threat 1 | . . . . . 1 Locate Traps 3 | . . . 1 2 . Dispatch Records 1 | . . . 1 . . Maintenance Status 1 | . . . 1 . . Transport Status 1 | . . . 1 . . Investigation Status 1 | . 1 . . . . Reinforcement Status 1 | . . . 1 . . Hauler Manifests 2 | . . . 2 . . Zone Layout 5 | . 1 . 3 1 . Fabricator Hacks . | . . . . . . Repair Station Hacks 1 | . . . 1 . . Scan Component 1 | . . . 1 . . Recycling Unit Hacks 1 | . . . . 1 . Report Inventory 1 | . . . . 1 . Scanalyzer . | . . . . . . Garrison Access Hacks 1 | . . . . . 1 Seal Access 1 | . . . . . 1 Unauthorized Hacks . | . . . . . . Terminals . | . . . . . . Fabricators . | . . . . . . Repair Stations . | . . . . . . Recycling Units . | . . . . . . Scanalyzers . | . . . . . . Garrison Access . | . . . . . . Data Cores Recovered . | . . . . . . Used . | . . . . . . Hacking Detections 16 | . 3 . 5 6 2 Full Trace Events 1 | . . . . . 1 Feedback Events . | . . . . . . Feedback Blocked . | . . . . . . Robot Schematics Acquired . | . . . . . . Robots Built . | . . . . . . Authchips . | . . . . . . Time . | . . . . . . Total Robot Build Rating . | . . . . . . Part Schematics Acquired . | . . . . . . Parts Built . | . . . . . . Authchips . | . . . . . . Time . | . . . . . . Total Part Build Rating . | . . . . . . Parts Repaired . | . . . . . . Time . | . . . . . . Parts Recycled . | . . . . . . Recycled Matter . | . . . . . . Retrieved Matter . | . . . . . . Retrieved Components . | . . . . . . Parts Scanalyzed . | . . . . . . Part Schematics Acquired . | . . . . . . Parts Damaged . | . . . . . . Bothacking | -11 -10 -10 -9 -8 -7 ------------ Run | Jun Mat Min Mat Mat Fac Used RIF Installer . | . . . . . . Robots Hacked . | . . . . . . Non-combat . | . . . . . . Combat . | . . . . . . Robot Hacks Applied . | . . . . . . Relay Couplers Released . | . . . . . . Fabnet Peak Effective % . | . . . . . . Robots Rewired . | . . . . . . Allies Hacked . | . . . . . . Hacks Repelled . | . . . . . . Allies | -11 -10 -10 -9 -8 -7 -------- Run | Jun Mat Min Mat Mat Fac Total Allies 3 | . . 3 . . . Largest Group 3 | . . 3 3 . . Highest-Rated Group 40 | . . 40 40 . . Highest-Rated Ally 16 | . . 16 16 . . Total Orders . | . . . . . . Ally Attacks 42 | . . 6 36 . . Total Damage 414 | . . 59 355 . . Kills 8 | . . 2 6 . . Allies Corrupted . | . . . . . . Allies Melted . | . . . . . . Intel | -11 -10 -10 -9 -8 -7 ------- Run | Jun Mat Min Mat Mat Fac Robot Analysis Total . | . . . . . . Derelict Logs Recovered 1 | . . 1 . . . Drone Launches . | . . . . . . Drone Recoveries . | . . . . . . Exploration | -11 -10 -10 -9 -8 -7 ------------- Run | Jun Mat Min Mat Mat Fac Turns Passed 2947 | 46 227 385 786 1225 278 Spaces Moved 2168 | 33 157 305 539 917 217 Core 16 | 16 . . . . . Treads . | . . . . . . Legs 1480 | 17 157 305 539 462 . Wheels . | . . . . . . Hover 672 | . . . . 455 217 Flight . | . . . . . . Fastest Speed 50 | 50 120 120 120 52 52 Average Speed 111 | 93 120 120 121 104 96 Slowest Speed 260 | 120 120 120 190 260 116 Overloaded Moves . | . . . . . . Propulsion Burnouts . | . . . . . . Robots Hopped . | . . . . . . Cave-ins Triggered . | . . . . . . Exploration Rate (%) 36 | 3 43 66 61 41 7 Regions Visited 5 Branch Regions 1 Pre-discovered Areas . | . . . . . . Known Exits Taken 3 | . 1 . 1 1 . Unknown Exits Taken 2 | 1 . 1 . . . Scrap Searched 1 | . . 1 . . . Spaces Dug 25 | . . . 7 18 . Terrain Destroyed 34 | . . . 16 18 . Melee 2 | . . . . 2 . Projectile 23 | . . . 7 16 . AOE 9 | . . . 9 . . Terrain Rammed . | . . . . . . Walls Destroyed . | . . . . . . Machines Disabled . | . . . . . . Actions | -11 -10 -10 -9 -8 -7 --------- Run | Jun Mat Min Mat Mat Fac Total 2484 | 48 184 324 601 1070 257 Wait 96 | . 9 18 10 46 13 Move 2163 | 32 156 304 538 916 217 Hop . | . . . . . . Pick Up 44 | 9 9 1 6 17 2 Fast Attach . | . . . . . . Attach 23 | 6 1 . 5 7 4 Detach 1 | . . . . . 1 Swap 20 | . . . 7 10 3 Drop 16 | 1 2 1 3 9 . Fire 62 | . 7 . 32 16 7 Melee 52 | . . . . 42 10 Ram 7 | . . . . 7 . Kick . | . . . . . . Crush . | . . . . . . Escape Stasis . | . . . . . . Rewire . | . . . . . . Trap . | . . . . . . Miscellaneous . | . . . . . . Route ------- -11/Junkyard -10/Materials (discovered 2 exits: *Mat / *Min) -10/Mines (discovered 2 exits: *Mat x2) -9/Materials (discovered 4 exits: *Mat x3 / *Min) -8/Materials -7/Factory (discovered 1 exit: Sto) History --------- Turn | Location | Event 3 | -11/Junkyard | Discovered new exit (range 15) 47 | -11/Junkyard | Entered Materials 175 | -10/Materials | Discovered new exit (range 15) 234 | -10/Materials | Identified exit to Mines 274 | -10/Materials | Entered Mines 308 | -10/Mines | Build established: Mutant 350 | -10/Mines | Assembled infested the area 355 | -10/Mines | Assisted by a Guerilla fighting off Assembled 393 | -10/Mines | Assisted by bots powering up and referring to "LRC-V3" 484 | -10/Mines | Discovered new exit (range 6) 634 | -10/Mines | Discovered new exit (range 7) 659 | -10/Mines | Entered Materials 659 | -9/Materials | Accompanied by 3 allies 659 | -9/Materials | Evolved 2 slots: Utility x2 788 | -9/Materials | Discovered new exit (range 15) 815 | -9/Materials | Identified exit to Materials 949 | -9/Materials | Build established: Skirmisher 1003 | -9/Materials | Discovered new exit (range 6) 1008 | -9/Materials | Identified exit to Mines 1090 | -9/Materials | Discovered exit to Materials (range 14) 1254 | -9/Materials | Discovered exit to Materials (range 5) 1445 | -9/Materials | Entered another Materials area 1445 | -8/Materials | Evolved 2 slots: Propulsion x1, Utility x1 1606 | -8/Materials | Build established: Mutant 1872 | -8/Materials | Discovered new exit (range 16) 1922 | -8/Materials | Identified exit to Factory 2670 | -8/Materials | Entered Factory 2670 | -7/Factory | Evolved 2 slots: Power x1, Utility x1 2671 | -7/Factory | Identified exit to Storage 2818 | -7/Factory | Lost 3 parts (1n2u) 2948 | -7/Factory | Self-destructed Last Messages --------------- 02881_ Connecting with Terminal... >>Access(Emergency) Found 2 emergency access doors: (54,70) (59,75) Map updated. >>Alert(Purge) Purged threat record, alert level lowered. 02881_ ALERT: Suspicious activity at Terminal F019. Dispatching Investigation squad. 02883_ K-01 Serf cleans the Fusion Modulator. 02885_ W-25 Informer sends out distress signal. 02885_ K-01 Serf cleans the Fusion Modulator. 02915_ K-01 Serf cleans the Assembly Bed. 02942_ G-47 Trooper destroyed. 02942_ Lgt. Nuclear Core destroyed. 02942_ Imp. Hover Unit destroyed. 02944_ Lgt. Nuclear Core destroyed. 02946_ K-01 Serf collects debris. 02947_ Acquired 53 matter. Map ----- +----------------------------------------------------+ | ##???????????????????????????????????????????????? | | ???????????????????????????????????????????? | | ???????????????????????????????????????????? | | ???????????????????????????????????????????? | | ????????????????????????????????????????????? | | ????????????????????????????????????????????? | | ####?????????????????????????????????????????????? | | ?????????????????????????????????????????????????? | | ?????????????????????????????????????????????????? | | ?????????????????????????????????????????????????? | | ?????????????????????????????????????????????????? | | ?????????????????????????????????????????????????? | | ??????????????????????????????????? ?????????????? | | ?????????????????????????????????? #????????????? | | ?????????????????????????????????? #????????????? | | ????????????????????????????????? #????????????? | | ????????????????????????????????? #????????????? | | ???????????????????????????????? #????????????? | | ???????????????????????????????? #????????????? | | ??????????????????????????????? #????????????? | | ??????????????????????????????? #????????????? | | ?????????????????????????????? #????????????? | | ?????????????????????????????? #????????????? | | ?????????? ###########???? ^ #????????????? | | ???????? # g ##### ^ #????????????? | | ???? ??" # Y""""!;@=k #????????????? | | ???? """ # """"k########+####????????????? | | ???? """ # """" #????????????????????????? | | ???# # """" #????????????????????????? | | ???# """ # """" #????????????????????????? | | ???# """ # """" #????????????????????????? | | ???# """ # #????????????????????????? | | ???# # #????????????????????????? | | ???# """ ! # #????????????????????????? | | ???# """ # #????????????????????????? | | #### """ ###+########???????????????????????? | | ! +???????????????????????? | | " " ####????????????????????????? | | ""G"" #????+??????????????????????? | | #???????????????????????????? | | #???????????????????????????? | | ###########T#### #???????????????????????????? | | #?????????###??# #???????????????????????????? | | #??????????????# #?????????+?????????????????? | | #??????????????# +???????????????????????????? | | ##########?????# #???????????????????????????? | | # #?????# #???????????????????????????? | | # ]]]#?????# #???????????????????????????? | | # ]]]#?????? #???????????????????????????? | | # ]]]#?????? #??####?????????????????????? | +----------------------------------------------------+ Best States ------------- Heat Dissipation 34 Energy Generation 23 Energy Capacity 250 Matter Stores 300 Matter Capacity 300 Sight Range 16 Robot Scan Range 15 Terrain Scan Density 10 Additional Mass Support 6 Armor Coverage 225 Evasion (%) 55 Item Schematics ----------------- None Robot Schematics ------------------ None Fabricated ------------ Nothing Alien Tech Used ----------------- None Achievements -------------- None Challenges ------------ None Game ------ Seed ArchitectMicroRifle Manual? 0 Play Time 00:44:06 Cumulative 15.0 hours Start 2024.02.16 @ 14:14:53 End 2024.02.16 @ 15:43:19 Sessions 3 Manual Loads 0 Difficulty Rogue Special Mode None Game No. 19 Rogue 19 Adventurer 0 Explorer 0 Win Type - Total 0 Types 0/0/0/0/0/0/0/0/0 Lore% 18 Gallery% 16 Achievement% 15 Wizard Run 0 Options --------- ASCII 0 Keyboard 0 Movement Numpad Keybinds 0 Fullscreen 1 Font 24/Smallcaps Map View 76x50 Tactical HUD 1 Map Filters NONE Filters NONE Steam 1 RUN: 38927b44-6383-4304-ae74-498dd4fc8e5e